Map: Oxide LE

Players

HeroMarine

  • Race: Terran Terran

Denver - Winner!

  • Race: Zerg Zerg

Event: DreamHack SC2 Masters 2021 Fall

VOD

Have the link to the VOD?

Description

Time

  • Played on: Aug. 4, 2021, 10:55 a.m.
  • Length: 14:19

All games in this series

Show
View Real Time Build Order
Export as new Build Order

HeroMarine Terran 

Build Orders: Reaper Expand 

Get SALT Encoding   

  12  0:00  SCV  
  13  0:12  SCV  
  14  0:17  Supply Depot  
  14  0:24  SCV  
  15  0:38  SCV  
  15  0:40  Barracks  
  16  0:43  Refinery  
  16  0:50  SCV  
  17  1:03  SCV  
  18  1:15  SCV  
  19  1:27  Reaper, Orbital Command  
  20  1:39  Command Center  
  20  1:49  Supply Depot  
  20  1:53  SCV  
  21  1:59  Marine  
  22  2:05  SCV  
  23  2:12  Factory  
  23  2:17  SCV  
  23  2:22  Barracks Reactor  
  24  2:29  SCV  
  25  2:40  Command Center  
  25  2:41  SCV  
  26  2:51  Orbital Command  
  26  2:53  SCV  
  27  2:59  Starport  
  27  3:07  Refinery, SCV, Marine  
  27  3:10  Marine  
  30  3:14  Hellion  
  30  3:18  SCV  
  30  3:19  SCV  
  34  3:25  Marine  
  35  3:28  Marine  
  35  3:30  SCV  
  35  3:31  SCV  
  38  3:36  Medivac  
  38  3:37  Factory Tech Lab  
  40  3:42  Marine, SCV  
  40  3:43  SCV  
  40  3:45  Marine  
  44  3:52  Bunker  
  46  3:57  Cyclone  
  46  4:00  Marine  
  46  4:01  SCV x2  
  50  4:03  Marine  
  50  4:10  Orbital Command  
  50  4:13  SCV x2  
  50  4:17  Starport Tech Lab  
  49  4:18  Marine  
  49  4:21  Marine  
  48  4:25  Supply Depot, SCV x2  
  48  4:29  Siege Tank  
  49  4:37  SCV  
  31  4:49  SCV  
  31  4:51  SCV  
  31  4:52  SCV  
  32  4:56  Marine  
  32  4:57  Marine  
  32  5:01  SCV  
  32  5:03  SCV  
  32  5:05  SCV  
  33  5:13  Banshee, SCV  
  36  5:15  SCV  
  36  5:16  Marine x2  
  39  5:22  SCV  
  39  5:25  SCV  
  39  5:27  SCV  
  42  5:34  Marine x2, SCV  
  45  5:37  SCV  
  45  5:39  SCV  
  50  5:44  Supply Depot  
  50  5:46  SCV  
  50  5:49  SCV  
  52  5:51  SCV  
  52  5:56  Factory Reactor  
  50  5:58  SCV  
  50  5:59  Barracks x2  
  50  6:01  SCV  
  50  6:02  Stimpack  
  50  6:03  Marine, SCV  
  54  6:07  Starport Reactor  
  54  6:09  Refinery  
  54  6:10  SCV  
  54  6:11  Refinery  
  55  6:12  Siege Tank  
  55  6:13  SCV  
  55  6:16  SCV  
  60  6:20  Supply Depot  
  60  6:21  Marine  
  60  6:22  SCV  
  62  6:25  SCV  
  62  6:28  SCV, Engineering Bay  
  62  6:29  Engineering Bay  
  64  6:35  SCV  
  64  6:37  SCV  
  64  6:38  Marine  
  67  6:40  SCV  
  67  6:44  Siege Tank  
  67  6:47  SCV  
  72  6:49  Starport Reactor  
  72  6:52  Marine x2  
  76  6:55  Marine  
  76  6:58  Supply Depot  
  76  7:00  Marine x2  
  76  7:01  Supply Depot  
  77  7:05  Terran Infantry Armor Level 1  
  77  7:09  Supply Depot  
  77  7:13  Barracks x2  
  77  7:14  Marine, Terran Infantry Weapons Level 1  
  77  7:15  Marine x2, SCV x2  
  80  7:16  Siege Tank  
  80  7:20  Marine  
  80  7:21  Marine  
  87  7:25  Orbital Command  
  87  7:27  SCV x2, Medivac  
  87  7:29  Medivac  
  93  7:32  Marine  
  93  7:33  Marine x2  
  96  7:38  Marine x2  
  96  7:39  SCV  
  96  7:42  Combat Shield  
  99  7:49  Supply Depot  
  99  7:50  Marine  
  99  7:51  Marine x2  
  101  7:54  Siege Tank  
  101  7:56  Marine x2  
  109  8:01  Barracks Tech Lab x2  
  109  8:11  Marine x3, Supply Depot x2  
  110  8:14  Marine  
  110  8:15  Marauder  
  113  8:21  Marauder x2  
  113  8:23  Orbital Command  
  117  8:29  Marine  
  118  8:36  Marauder  
  118  8:37  Marine x2  
  118  8:38  SCV  
  118  8:39  SCV  
  124  8:42  Marauder x2  
  128  8:50  Siege Tank  
  128  8:54  SCV x3  
  134  8:56  Refinery  
  134  8:57  Medivac, Marauder  
  134  8:58  Refinery  
  134  9:00  Medivac  
  137  9:03  Marauder  
  137  9:04  Marauder  
  141  9:13  Supply Depot  
  141  9:15  Supply Depot  
  141  9:17  Marine x2  
  140  9:18  Marine  
  140  9:19  Marauder  
  140  9:21  Marine  
  146  9:25  Siege Tank, Marauder x2  
  155  9:34  Marine  
  155  9:35  Marine  
  155  9:36  Marine  
  158  9:40  Marauder  
  158  9:45  Marine  
  158  9:46  Marauder  
  158  9:47  Marauder, Liberator  
  158  9:48  Liberator  
  158  9:52  Marine  
  166  9:55  Marine x2  
  167  10:02  Concussive Shells, Marauder  
  167  10:05  Marine  
  164  10:07  Marauder  
  164  10:08  Marauder  
  164  10:10  Marine  
  164  10:12  Siege Tank  
  164  10:13  Marine  
  173  10:17  Marine  
  168  10:23  Marauder  
  158  10:29  Marine x2, Marauder x2  
  158  10:30  Liberator  
  158  10:32  Marine  
  154  10:37  Liberator  
  155  10:44  Marauder  
  152  10:50  Marauder  
  152  10:51  Marauder  
  150  10:58  Marine x2  
  150  10:59  Marine  
  148  11:06  Marauder  
  148  11:09  Marine  
  139  11:12  Marauder x2  
  139  11:13  Liberator  
  139  11:16  Marine  
  113  11:20  Liberator  
  93  11:27  Marine, Siege Tank, Marauder  
  101  11:33  Marauder  
  101  11:35  Marauder  
  101  11:39  Marine x2  
  105  11:42  Marine  
  105  11:45  Marine  
  105  11:49  Marauder  
  103  11:54  Marauder  
  103  11:56  Marine  
  103  11:57  Marine x2  
  108  12:06  Marine  
  108  12:07  SCV  
  108  12:08  SCV x2  
  97  12:10  Marauder  
  97  12:12  Medivac x2  
  100  12:19  SCV  
  100  12:20  SCV x2  
  100  12:21  Marine  
  100  12:22  Marine x2, Missile Turret  
  102  12:32  SCV x3  
  102  12:35  Marine x2  
  107  12:40  Marine x2, Marauder  
  107  12:44  Marine, SCV x3  
  112  12:47  Marine  
  112  12:53  Marine  
  112  12:54  Marauder  
  112  12:56  SCV x3, Missile Turret  
  112  12:58  Marine  
  116  13:08  SCV x2, Marauder x2  
  116  13:09  Marine x2  
  124  13:19  Marauder  
  119  13:20  Marine x2  
  119  13:21  Siege Tank  
  119  13:26  Armory  
  121  13:27  Marine x2  
  121  13:29  Marine x2  
  125  13:38  Marine x2  
  125  13:40  Marauder  
  129  13:44  Marine  
  129  13:45  Marine  
  129  13:47  Marine  
  124  13:50  Marauder  
  126  13:56  Marine x2  
  131  14:02  Missile Turret  
Show
View Real Time Build Order
Export as new Build Order

Denver Zerg - Winner!

Build Orders: Hatch First 

Get SALT Encoding   

  12  0:00  Drone  
  13  0:12  Overlord  
  13  0:16  Drone  
  14  0:30  Drone x2  
  16  0:48  Hatchery  
  15  0:50  Drone  
  15  0:54  Drone  
  17  0:58  Drone  
  18  1:08  Extractor  
  17  1:12  Spawning Pool  
  17  1:15  Drone  
  17  1:20  Drone  
  18  1:28  Drone  
  19  1:38  Drone  
  20  1:50  Drone  
  21  1:59  Queen x2  
  21  2:00  Zergling x4  
  27  2:10  Overlord  
  27  2:12  Roach Warren  
  27  2:14  Drone  
  27  2:24  Drone  
  28  2:30  Drone  
  28  2:32  Drone  
  28  2:33  Overlord  
  30  2:44  Drone, Overlord  
  31  2:56  Roach x2  
  35  3:08  Roach x5  
  35  3:11  Roach  
  47  3:13  Roach  
  49  3:23  Overlord  
  49  3:33  Hatchery  
  48  3:35  Drone  
  48  3:39  Overlord  
  49  3:43  Drone  
  49  3:47  Drone x2  
  52  3:51  Ravager x2  
  54  3:55  Overlord  
  54  3:59  Drone x2  
  56  4:06  Queen  
  57  4:16  Drone x5  
  62  4:20  Ravager  
  63  4:29  Drone x3  
  64  4:36  Queen  
  64  4:37  Overlord  
  65  4:45  Drone x5  
  60  4:51  Queen, Drone  
  59  4:53  Extractor  
  59  4:54  Extractor  
  59  4:59  Overlord  
  57  5:03  Roach x2  
  59  5:10  Zergling x2, Roach x3  
  63  5:18  Drone x2  
  65  5:24  Queen  
  65  5:28  Lair  
  67  5:29  Overlord  
  67  5:30  Drone x2  
  67  5:35  Drone x4  
  73  5:37  Drone x3  
  73  5:40  Extractor, Drone  
  76  5:47  Drone x4  
  80  5:52  Drone x2  
  80  5:55  Drone  
  80  5:56  Evolution Chamber  
  82  5:57  Evolution Chamber  
  82  5:58  Drone  
  82  6:03  Overlord  
  82  6:04  Drone x3  
  82  6:06  Extractor  
  82  6:07  Extractor  
  82  6:08  Spore Crawler  
  82  6:14  Drone x5  
  82  6:15  Drone  
  82  6:18  Spore Crawler, Drone  
  88  6:24  Zerg Ground Armor Level 1, Zerg Missile Weapons Level 1  
  88  6:27  Glial Reconstitution  
  88  6:31  Drone x2  
  90  6:35  Overlord x2  
  90  6:46  Hatchery, Roach x2  
  93  6:51  Overlord  
  93  6:54  Roach x3  
  99  6:58  Overlord  
  99  7:00  Overlord  
  98  7:03  Overseer  
  98  7:04  Roach x2  
  102  7:09  Overlord  
  102  7:10  Roach x3  
  102  7:13  Ravager x3  
  111  7:17  Roach x3  
  117  7:23  Roach  
  117  7:24  Roach x3  
  125  7:31  Roach x4  
  125  7:34  Overlord  
  133  7:37  Roach  
  133  7:38  Roach x2  
  133  7:42  Roach x3  
  145  7:44  Overlord  
  145  7:49  Roach x2  
  145  7:50  Roach  
  151  7:51  Overlord  
  151  7:53  Overseer  
  151  7:58  Overseer  
  151  7:59  Roach x3  
  151  8:03  Ravager x4  
  151  8:04  Ravager x2  
  163  8:08  Roach  
  163  8:09  Roach x3  
  171  8:13  Roach x2  
  175  8:21  Roach  
  175  8:22  Roach x3  
  175  8:23  Overlord  
  183  8:29  Overlord  
  183  8:33  Overlord x2  
  183  8:35  Zerg Missile Weapons Level 2  
  183  8:38  Infestation Pit  
  182  8:43  Zerg Ground Armor Level 2  
  182  8:50  Overlord x2  
  182  8:55  Drone x9  
  187  8:56  Drone  
  187  8:57  Infestation Pit  
  180  9:06  Roach x5  
  186  9:14  Drone  
  186  9:15  Drone x5  
  190  9:18  Hive  
  190  9:26  Burrow, Baneling Nest  
  190  9:27  Tunneling Claws  
  189  9:50  Spore Crawler, Zergling x2  
  189  9:51  Zergling x20  
  197  10:00  Hatchery  
  182  10:08  Zergling x30  
  182  10:11  Centrifical Hooks  
  182  10:12  Baneling  
  182  10:13  Baneling x21  
  195  10:15  Metabolic Boost  
  191  10:21  Zergling x2  
  191  10:22  Zergling x18  
  187  10:31  Roach x5  
  174  10:38  Roach x3  
  172  10:42  Roach  
  172  10:49  Roach x2  
  170  10:51  Roach x5  
  155  10:57  Ravager x2  
  155  10:58  Ravager, Roach x2  
  150  11:08  Roach x3  
  142  11:11  Queen  
  142  11:12  Queen  
  142  11:15  Roach x2  
  124  11:20  Roach  
  124  11:21  Queen, Roach x3  
  114  11:26  Roach  
  114  11:27  Roach x3  
  114  11:28  Ravager x5  
  114  11:29  Ravager  
  114  11:32  Roach  
  130  11:37  Roach x2  
  134  11:43  Roach x2  
  132  11:48  Roach x3  
  132  11:53  Queen, Roach  
  139  11:55  Queen  
  139  11:58  Queen, Roach x2  
  120  12:08  Roach x4  
  120  12:11  Queen  
  120  12:14  Roach  
  127  12:16  Viper  
  127  12:17  Extractor, Viper  
  127  12:19  Extractor  
  133  12:22  Roach  
  133  12:23  Roach  
  133  12:27  Roach x6  
  133  12:29  Queen, Roach x3  
  143  12:31  Queen  
  143  12:33  Hatchery, Roach  
  146  12:38  Roach x2  
  140  12:53  Roach x5  
  140  12:54  Roach x5  
  157  13:03  Roach x2  
  161  13:10  Ravager  
  159  13:13  Roach x9  
  159  13:15  Roach x3  
  167  13:21  Roach x4  
  173  13:29  Roach x5  
  183  13:38  Roach x4  
  183  13:39  Roach x2  
  188  13:52  Ravager x2  
  188  13:53  Ravager, Zergling x10  
  192  14:01  Zergling x2  
  192  14:02  Zergling x6  

Tags
 
Add a new tag
Caveats
  • Supply blocks, unpowered buildings, or Contaminate may cause inaccurate times.
  • Supply counts are checked every 10 seconds.